 Dungeon Crawl Stone Soup version 0.20-a0-434-g93bceec (webtiles) character file.

80506 Jivvin the Spry (level 15, -24/216 HPs)
             Began as a Minotaur Monk on Jan 4, 2017.
             Was the Champion of Dithmenos.
             Annihilated by a phantasmal warrior (29 damage)
             ... led by a death knight
             ... on level 15 of the Dungeon.
             The game lasted 00:31:42 (26515 turns).

Jivvin the Spry (Minotaur Monk)                    Turns: 26515, Time: 00:31:42

Health: -24/216    AC: 19    Str: 21    XL:     15   Next: 24%
Magic:  14/14      EV: 29    Int: 12    God:    Dithmenos [******]
Gold:   552        SH:  0    Dex: 21    Spells: 14/14 levels left

rFire  . . .     SeeInvis .     z - +2 double sword (protect)
rCold  . . .     Gourm    .     y - +0 troll leather armour
rNeg   . . .     Faith    .     (no shield)
rPois  +         Spirit   .     r - +1 hat {Int+3}
rElec  .         Reflect  .     e - +1 cloak
rCorr  +         Harm     .     p - +1 pair of gloves
MR     +....                    a - +0 pair of boots of Circular Logic {rPois Int+2 Dex+2} (curse)
Stlth  ..........               (no amulet)
                                F - ring of stealth
                                I - ring of resist corrosion

@: berserking (expiring), protection aura, wreathed by umbra, very quick
A: retaliatory headbutt, horns 2
a: Shadow Step, Shadow Form, Renounce Religion


You were on level 15 of the Dungeon.
You worshipped Dithmenos.
Dithmenos was exalted by your worship.
You were not hungry.

You visited 4 branches of the dungeon, and saw 20 of its levels.
You visited 1 bazaar.
You also visited: Ossuary, Bailey and Ice Cave.

You collected 1776 gold pieces.
You spent 1224 gold pieces at shops.

Inventory:

Hand Weapons
 c - a +4 great sword
 z - a +2 double sword of protection (weapon)
Armour
 a - the cursed +0 pair of boots of Circular Logic (worn) {rPois Int+2 Dex+2}
   (You found it on level 9 of the Dungeon)

   It affects your intelligence (+2).
   It affects your dexterity (+2).
   It protects you from poison.
   It has a curse placed upon it.
 e - a +1 cloak (worn)
 p - a +1 pair of gloves (worn)
 r - a +1 hat of intelligence (worn)
 y - a +0 troll leather armour (worn)
Jewellery
 F - a ring of stealth (right hand)
 I - a ring of resist corrosion (left hand)
Wands
 f - a wand of iceblast (9/15)
 w - a wand of digging (16/24)
 x - a wand of acid (5/15)
Scrolls
 b - 10 scrolls of remove curse
 g - 6 scrolls of identify
 h - 2 scrolls of recharging
 j - a scroll of magic mapping
 o - 5 scrolls of teleportation
 q - 6 scrolls of amnesia
Potions
 k - 2 potions of cancellation
 l - 13 potions of curing
 t - 2 potions of ambrosia
 v - a potion of brilliance
 A - 2 potions of lignification
 G - a potion of flight
 H - 2 potions of resistance
Books
 d - a book of Misfortune

   Spells                             Type                      Level
   a - Confusing Touch                Hexes                        1
   b - Confuse                        Hexes                        3
   c - Gell's Gravitas                Hexes/Translocation          3
   d - Petrify                        Transmutation/Earth          4
   e - Metabolic Englaciation         Hexes/Ice                    5
   f - Yara's Violent Unravelling     Hexes/Transmutation          5
 s - a book of Battle

   Spells                             Type                      Level
   a - Infusion                       Charms                       1
   b - Shroud of Golubria             Charms/Translocation         2
   c - Song of Slaying                Charms                       2
   d - Spectral Weapon                Hexes/Charms                 3
   e - Regeneration                   Charms/Necromancy            3
 u - a book of Cantrips

   Spells                             Type                      Level
   a - Confusing Touch                Hexes                        1
   b - Animate Skeleton               Necromancy                   1
   c - Summon Small Mammal            Summoning                    1
   d - Apportation                    Translocation                1
 C - a book of Maledictions

   Spells                             Type                      Level
   a - Corona                         Hexes                        1
   b - Ensorcelled Hibernation        Hexes/Ice                    2
   c - Confuse                        Hexes                        3
   d - Tukima's Dance                 Hexes                        3
   e - Dazzling Spray                 Conjuration/Hexes            3
Comestibles
 i - 17 fruits
 m - 3 slices of pizza
 n - 2 royal jellies
 B - 3 meat rations
 D - 4 beef jerkies


   Skills:
 - Level 16.0 Fighting
 - Level 16.1 Long Blades
 - Level 7.4 Armour
 + Level 18.9 Dodging
 - Level 1.5 Stealth


You had 14 spell levels left.
You didn't know any spells.

Dungeon Overview and Level Annotations

Branches:
Dungeon (15/15)            Temple (1/1) D:4            Lair (0/6) D:9
    Orc (2/2) D:12            Elf (2/3) Orc:2        Vaults (0/5) D:14
 Depths: D:15

Altars:
Ashenzari
Cheibriados
Dithmenos
Elyvilon
Fedhas
Gozag
Hepliaklqana
Kikubaaqudgha
Makhleb
Nemelex Xobeh
Okawaru
Qazlal
Ru
Sif Muna
Trog
Uskayaw
Vehumet
Xom
Yredelemnul
Zin
The Shining One
Beogh

Shops:
D:4 [   D:5 :   D:6 :   D:9 (   D:10 (   D:11 [   Orc:2 =!?!   Elf:1 }=}

Annotations:
D:9 Jivvin's ghost, novice MiMo


Innate Abilities, Weirdness & Mutations

You reflexively headbutt those who attack you in melee.
You have a pair of horns on your head.


Message History

You kill the death knight!
Dithmenos accepts your kill.
Unknown command.
You slash the freezing wraith!
Your headbutt misses the freezing wraith.
The freezing wraith is moderately damaged.
Unknown command.
You hit the freezing wraith. You headbutt the freezing wraith.
The freezing wraith is heavily damaged.
The freezing wraith hits you!
* * * LOW HITPOINT WARNING * * *
The freezing wraith freezes you!!
* * * LOW HITPOINT WARNING * * *
The freezing wraith completely misses you.
You slice the freezing wraith!! You headbutt the freezing wraith.
You destroy the freezing wraith!
Dithmenos accepts your kill.
Unknown command.
The phantasmal warrior hits you!!
You die...

#.# .# # #.# .# #
#.# #.# #
#.#########.# #
#§§§........# #
#§§§........# #
#§########..######
#)# #....)... #@#
#....)... #W#
#....)).. #.#
#..###### ..# #..#
# ..# #..# # ##.#
#..# # #.# #..#
#.# #..# #..#


You could see a phantasmal warrior.

Vanquished Creatures
  Rupert (D:12)
  Gastronok (D:8)
  2 orc warlords
  A deep elf demonologist (Elf:1)
  A deep elf annihilator (Elf:1)
  Snorg (Orc:1)
  A fire dragon (D:13)
  Josephine (Orc:1)
  A hydra (D:12)
  A vault guard (D:14)
  A centaur warrior (D:14)
  Erolcha (D:12)
  A death knight (D:15)
  10 two-headed ogres
  Erica (D:8)
  5 orc high priests (Orc:2)
  4 dancing weapons (Elf:1)
  Nergalle (D:11)
  3 deep elf knights (Elf:1)
  A skeletal warrior (D:15)
  An unseen horror (D:12)
  A wizard (D:14)
  6 deep elf archers
  12 deep elf magi
  5 orc knights
  5 ugly things
  2 necromancers (D:14)
  A manticore (D:12)
  4 cyclopes
  7 orc sorcerers
  Joseph (D:7)
  A black mamba (shapeshifter) (D:13)
  A gargoyle (D:10)
  8 kobold demonologists
  3 centaur skeletons
  2 rime drakes (D:13)
  A yaktaur (D:14)
  A freezing wraith (D:15)
  8 trolls
  A hornet (D:12)
  5 slime creatures (D:12)
  Grinder (D:3)
  Prince Ribbit (D:7)
  4 hippogriffs
  A shadow (D:12)
  A water elemental (Elf:1)
  2 air elementals (Elf:1)
  A spriggan (D:8)
  20 humans
  24 yaks
  A wyvern (D:13)
  3 wraiths (Orc:1)
  2 fire elementals
  3 hungry ghosts
  2 wargs (Orc:2)
  An acid dragon (D:12)
  Duvessa (D:7)
  2 black bears
  62 orc warriors
  5 phantoms
  5 sky beasts
  12 ice beasts
  24 ogres
  An eye of draining (D:11)
  2 necrophages
  6 centaurs
  2 crocodiles
  7 big kobolds
  The ghost of TheSilverBeluga the Slasher, an amateur DECK of Xom (D:3)
  5 gnoll sergeants
  11 bullfrogs
  2 wyvern zombies
  A wyvern skeleton (D:6)
  Dowan (D:7)
  3 scorpions
  3 killer bees (D:10)
  4 wights (D:13)
  A howler monkey (D:13)
  5 crimson imps
  7 centaur zombies
  2 bullfrog zombies (D:12)
  A human zombie (Ossuary)
  3 jellies
  36 orc priests
  7 hounds
  3 bullfrog skeletons
  6 iguanas
  Natasha (thrice) (D:4)
  28 orc wizards
  16 worker ants
  3 hound skeletons
  7 mummies (Ossuary)
  Robin (D:4)
  8 gnolls
  2 river rats (D:4)
  13 adders
  4 shadow imps
  3 adder skeletons
  2 adder zombies (Ossuary)
  5 leopard geckos
  145 orcs
  15 giant cockroaches
  A giant cockroach (shapeshifter) (Elf:1)
  19 goblins
  8 hobgoblins
  7 jackals (D:2)
  41 kobolds
  6 quokkas
  4 ball pythons
  6 bats
  2 frilled lizards
  A gnoll zombie (Ossuary)
  A goblin zombie (Ossuary)
  9 hobgoblin zombies (Ossuary)
  3 kobold zombies (Ossuary)
  A quokka skeleton (D:5)
  8 quokka zombies
  12 rats
  A rat zombie (Ossuary)
798 creatures vanquished.

Vanquished Creatures (others)
  An orc (Orc:2)
1 creature vanquished.

Grand Total: 799 creatures vanquished

Notes
Turn   | Place    | Note
-------+----------+-------------------------------------------
     0 | D:1      | Jivvin the Minotaur Monk began the quest for the Orb.
     0 | D:1      | Reached XP level 1. HP: 19/19 MP: 0/0
   109 | D:1      | Reached XP level 2. HP: 22/26 MP: 1/1
   486 | D:1      | Reached skill level 5 in Long Blades
   613 | D:1      | Reached XP level 3. HP: 31/31 MP: 2/2
   845 | D:2      | Found an iron altar of Okawaru.
  1009 | D:2      | Reached XP level 4. HP: 37/39 MP: 3/3
  1231 | D:2      | You fall through a shaft for 2 floors!
  1244 | D:4      | Found a sand-covered staircase.
  1254 | Ossuary  | Entered an ossuary
  1376 | Ossuary  | Reached XP level 5. HP: 45/45 MP: 4/4
  1605 | Ossuary  | Reached XP level 6. HP: 10/51 MP: 5/5
  3684 | D:4      | Noticed Robin
  3843 | D:4      | Found a radiant altar of Vehumet.
  3849 | D:4      | Found a staircase to the Ecumenical Temple.
  3871 | D:4      | Killed Robin
  4012 | Temple   | Entered the Ecumenical Temple
  4380 | D:4      | Noticed Natasha
  4393 | D:4      | Killed Natasha
  4461 | D:4      | Reached XP level 7. HP: 39/57 MP: 6/6
  4672 | D:4      | Found Buidoyla's Antique Armour Shop.
  4679 | D:4      | Bought a scorched leather armour for 189 gold pieces
  4697 | D:4      | Identified the cursed +0 leather armour of Subjectivity {Str+3 Stlth+} (You bought it in a shop on level 4 of the Dungeon)
  4778 | D:4      | Noticed Natasha
  4787 | D:4      | Killed Natasha
  4873 | D:4      | Noticed Natasha
  4885 | D:4      | Killed Natasha
  5056 | D:3      | Noticed TheSilverBeluga's ghost (amateur DECK)
  5069 | D:3      | Killed TheSilverBeluga's ghost
  5069 | D:3      | Reached skill level 10 in Long Blades
  5070 | D:3      | Noticed Grinder
  5083 | D:3      | Killed Grinder
  5459 | D:3      | Found a hazy altar of Hepliaklqana.
  5873 | D:2      | Found a white marble altar of Elyvilon.
  5982 | D:5      | Entered Level 5 of the Dungeon
  6024 | D:5      | Found a shadowy altar of Dithmenos.
  6119 | D:5      | Became a worshipper of Dithmenos the Shadowed
  6119 | D:5      | Reached * piety under Dithmenos
  6119 | D:5      | Reached ** piety under Dithmenos
  6128 | D:5      | Found Peryal's Book Shoppe.
  6135 | D:5      | Reached XP level 8. HP: 58/64 MP: 7/7
  6530 | D:5      | Gained mutation: Scrolls take you a little longer to read. [mutagenic meat]
  6530 | D:5      | Lost mutation: Scrolls take you a little longer to read. [potion of cure mutation]
  6748 | D:6      | Found Daatat's Book Emporium.
  7213 | D:6      | Got a fabulously ornate robe
  7228 | D:6      | Identified the +1 robe of an ossuary {MR+ Str+2} (You found it on level 6 of the Dungeon)
  7475 | D:6      | Reached XP level 9. HP: 25/70 MP: 8/8
  7949 | D:6      | Reached skill level 4 in Dodging
  8031 | D:7      | Noticed Joseph
  8043 | D:7      | Killed Joseph
  8043 | D:7      | Reached skill level 6 in Dodging
  8088 | D:7      | Noticed Dowan
  8090 | D:7      | Noticed Duvessa
  8098 | D:7      | Killed Duvessa
  8104 | D:7      | Killed Dowan
  8183 | D:7      | Reached skill level 7 in Dodging
  8475 | D:7      | Noticed Prince Ribbit
  8484 | D:7      | Killed Prince Ribbit
  8484 | D:7      | Reached skill level 8 in Dodging
  8928 | D:8      | Reached *** piety under Dithmenos
  8928 | D:8      | Reached skill level 9 in Dodging
  9108 | D:8      | Noticed Erica
  9110 | D:8      | Noticed Gastronok
  9138 | D:9      | Reached XP level 10. HP: 69/77 MP: 9/9
  9305 | D:9      | Reached skill level 10 in Dodging
  9373 | D:9      | Noticed Jivvin's ghost (novice MiMo)
  9391 | D:9      | Got a pair of fine boots
  9413 | D:9      | Identified the +0 pair of boots of the Skies Above {rPois} (You found it on level 9 of the Dungeon)
  9530 | D:8      | Killed Erica
  9530 | D:8      | Reached skill level 11 in Dodging
  9552 | D:8      | Found a sacrificial altar of Ru.
  9557 | D:8      | Found a bloodstained altar of Trog.
  9630 | D:8      | Found a glowing golden altar of the Shining One.
  9645 | D:8      | Found a deep blue altar of Sif Muna.
  9710 | D:8      | Noticed a two-headed ogre
  9723 | D:8      | Killed a two-headed ogre
  9723 | D:8      | Reached skill level 12 in Dodging
  9972 | D:8      | Killed Gastronok
  9972 | D:8      | Reached skill level 13 in Dodging
  9972 | D:8      | Reached XP level 11. HP: 54/82 MP: 10/10
 10417 | D:9      | Reached **** piety under Dithmenos
 10420 | D:9      | Got a pair of twisted boots
 10431 | D:9      | Identified the cursed +0 pair of boots of Circular Logic {rPois Int+2 Dex+2} (You found it on level 9 of the Dungeon)
 10603 | D:9      | Found a hide-covered altar of Uskayaw.
 10619 | D:9      | Found a staircase to the Lair.
 10629 | D:9      | Found a sparkling altar of Nemelex Xobeh.
 10704 | D:9      | Reached skill level 14 in Dodging
 10870 | D:9      | Found Bemen's Antique Weapon Shoppe.
 11008 | D:10     | Entered Level 10 of the Dungeon
 11104 | D:10     | Found Ireahoe's Antique Weapon Emporium.
 11109 | D:10     | Bought a glowing double sword for 420 gold pieces
 11716 | D:10     | Reached skill level 15 in Long Blades
 11736 | D:10     | Reached ***** piety under Dithmenos
 12151 | D:11     | Found a deep blue altar of Sif Muna.
 12371 | D:11     | Found Gaufiff's Antique Armour Shoppe.
 12619 | D:11     | Noticed a green ugly thing
 12626 | D:11     | Killed a green ugly thing
 12793 | D:11     | Noticed Nergalle
 12810 | D:11     | Killed Nergalle
 12921 | D:12     | Reached skill level 5 in Fighting
 12931 | D:12     | Noticed Erolcha
 12936 | D:12     | Killed Erolcha
 12936 | D:12     | Reached XP level 12. HP: 43/97 MP: 11/11
 12945 | D:12     | Noticed Rupert
 12972 | D:12     | Found a flickering gateway to a bazaar.
 12998 | Bazaar   | Entered a bazaar
 13024 | Bazaar   | Found Vepov's Antique Armour Boutique.
 13065 | Bazaar   | Found Aqoicaf's Food Boutique.
 13089 | Bazaar   | Found Layzyps's Armour Emporium.
 13125 | Bazaar   | Found Tuce's Jewellery Shoppe.
 13189 | Bazaar   | Found Ysoll's Book Emporium.
 13218 | Bazaar   | Bought a distressingly furry ring mail for 108 gold pieces
 13229 | Bazaar   | Identified the +8 ring mail "Hiaf Manliri" {rF- Str+4 Int+4} (You bought it in a shop in a bazaar)
 13358 | D:12     | Noticed a two-headed ogre
 13362 | D:12     | Killed a two-headed ogre
 13414 | D:12     | Found a staircase to the Orcish Mines.
 13420 | D:12     | Reached skill level 1 in Armour
 13454 | Orc:1    | Entered Level 1 of the Orcish Mines
 13454 | Orc:1    | Noticed Snorg
 13462 | Orc:1    | Killed Snorg
 13462 | Orc:1    | Reached skill level 5 in Armour
 13975 | Orc:1    | Found a flagged portal.
 13981 | Bailey   | Entered a bailey
 14685 | Orc:1    | Noticed an orc warlord
 15067 | D:12     | Reached ****** piety under Dithmenos
 15542 | D:12     | Noticed a seven-headed hydra
 15668 | D:12     | Killed an orc warlord
 15668 | D:12     | Reached skill level 10 in Fighting
 16196 | Orc:1    | Noticed Josephine
 16208 | Orc:1    | Killed Josephine
 16558 | Orc:2    | Entered Level 2 of the Orcish Mines
 16590 | Orc:2    | Noticed a two-headed ogre
 16598 | Orc:2    | Killed a two-headed ogre
 16607 | Orc:2    | Noticed a two-headed ogre
 16613 | Orc:2    | Killed a two-headed ogre
 16613 | Orc:2    | Reached XP level 13. HP: 112/117 MP: 12/12
 17197 | Orc:2    | Found a staircase to the Elven Halls.
 17453 | Orc:2    | Found a roughly hewn altar of Beogh.
 17545 | Orc:2    | Found Giodar's Jewellery Emporium.
 17566 | Orc:2    | Found Jadwinla's Distillery.
 17584 | Orc:2    | Bought a potion of might for 56 gold pieces
 17584 | Orc:2    | Bought a potion of agility for 56 gold pieces
 17584 | Orc:2    | Bought a potion of curing for 42 gold pieces
 17584 | Orc:2    | Bought a potion of curing for 42 gold pieces
 17584 | Orc:2    | Bought a potion of curing for 42 gold pieces
 17584 | Orc:2    | Bought a potion of curing for 42 gold pieces
 17776 | Orc:2    | Noticed an orc warlord
 17813 | Orc:2    | Killed an orc warlord
 17860 | Orc:2    | Found Ivaiwkab's Distillery.
 17888 | Orc:2    | Bought a potion of heal wounds for 65 gold pieces
 17888 | Orc:2    | Bought a potion of curing for 39 gold pieces
 17888 | Orc:2    | Bought a potion of curing for 39 gold pieces
 18245 | Orc:2    | Found a roughly hewn altar of Beogh.
 18279 | Orc:2    | Found Movoumn's Magic Scroll Boutique.
 18293 | Orc:2    | Reached skill level 15 in Fighting
 18298 | Orc:2    | Bought a scroll of teleportation for 42 gold pieces
 18298 | Orc:2    | Bought a scroll of teleportation for 42 gold pieces
 18757 | Elf:1    | Entered Level 1 of the Elven Halls
 19650 | Elf:1    | Noticed a deep elf demonologist
 19652 | Elf:1    | Noticed an Executioner
 19809 | Elf:2    | Reached XP level 14. HP: 112/137 MP: 13/13
 21034 | Elf:1    | Reached skill level 15 in Dodging
 21218 | Elf:1    | Found Ifotrug's Gadget Shoppe.
 21218 | Elf:1    | Found Girror's Jewellery Shop.
 21219 | Elf:1    | Found Vyesh's Gadget Shoppe.
 22379 | D:12     | Paralysed by Rupert for 6 turns
 22393 | D:12     | Killed Rupert
 22393 | D:12     | Reached skill level 16 in Dodging
 23876 | D:13     | Reached skill level 17 in Dodging
 24064 | D:13     | Found an ancient bone altar of Kikubaaqudgha.
 24198 | D:13     | Found a frozen archway.
 24220 | IceCv    | Entered an ice cave
 25790 | D:14     | Reached skill level 18 in Dodging
 25832 | D:14     | Reached XP level 15. HP: 140/144 MP: 14/14
 25862 | D:14     | Found a gate to the Vaults.
 26333 | D:15     | Entered Level 15 of the Dungeon
 26513 | D:15     | HP: 4/216 [freezing wraith[a death knight] (18)]
 26515 | D:15     | Annihilated by a phantasmal warrior

Vault maps used:
D:1:      lightli_arrival_flooded_house
D:2:      minmay_roachtagon, okawaru_gym_becter, elyvilon_altar_3,
          minmay_stone_trees_medium
D:3:      old_standard_altar, first_bread, uniq_grinder
D:4:      lemuel_doored_altar, serial_shops, shop, gup_sewer_entry_bowl,
          nicolae_ossuary_entry_monument, serial_bayou_crossing, uniq_natasha,
          uniq_robin
D:5:      kennysheep_mini_moat, serial_shops, shop
D:6:      serial_shops, shop
D:7:      uniq_joseph, uniq_duvessa, uniq_prince_ribbit1
D:8:      lemuel_ice_spiral_2, grunt_temple_overflow_cloverleaf, the_bakery,
          uniq_erica, uniq_gastronok
D:9:      kennysheep_kobold_camp, lemuel_round_altar, lair_entry_dummy,
          serial_shops, nicolae_shop_temple_entry_statues_fountains, basic_altar
D:10:     serial_shops, kennysheep_little_box
D:11:     serial_shops, kennysheep_mini, basic_altar, grunt_decor_one_mirror,
          uniq_nergalle
D:12:     kennysheep_orc_monster_closet_entryway, serial_shops,
          bzr_entry_customers, kennysheep_generic_room_4, uniq_erolcha,
          uniq_rupert
D:13:     basic_altar, portal_ice_cave_rime, kennysheep_generic_room_15
D:14:     grunt_vaults_entry_tiered
D:15:     hangedman_depths_entry_try_elsewhere_first, serial_shops, shop,
          kb_rosetta
Temple:   grunt_temple_mini_profane
Orc:1:    enter_bailey_3, uniq_josephine, uniq_snorg
Orc:2:    pubby_orc_utopia
Elf:1:    evilmike_minifort, minmay_shop_grove
Elf:2:    hangedman_elf_targetted_burst, uniq_louise
Bazaar:   bazaar_jpeg_circle_rare_5
Ossuary:  ossuary_boxes_badplayer
Bailey:   bailey_polearm_2, bailey
IceCv:    ice_cave_statue_garden_chambered

Skill      XL: |  1  2  3  4  5  6  7  8  9 10 11 12 13 14 |
---------------+-------------------------------------------+-----
Long Blades    | 4 5 6 8 9 11 13 14 16 | 16.1
Dodging        | 9 13 14 18 | 18.9
Fighting       | 6 11 16 | 16.0
Armour         | 7 |  7.4
Stealth        | |  1.5

Action                   |  1- 3 |  4- 6 |  7- 9 | 10-12 | 13-15 || total
-------------------------+-------+-------+-------+-------+-------++-------
Melee: Falchion          |    63 |   218 |       |       |       ||   281
       Headbutt          |     4 |    52 |    79 |   200 |   307 ||   642
       Long sword        |       |       |   307 |   137 |       ||   444
       Double sword      |       |       |       |   503 |   892 ||  1395
Evoke: Wand              |       |       |       |     8 |       ||     8
       Phantom mirror    |       |       |       |       |     1 ||     1
  Use: Scroll            |       |    15 |    12 |     7 |     9 ||    43
       Potion            |       |     4 |     9 |     9 |     5 ||    27
 Stab: Sleeping          |     8 |     9 |    12 |    20 |    13 ||    62
       Invisible         |       |       |       |     4 |       ||     4
       Distracted        |       |       |       |     4 |     4 ||     8
  Eat: Chunk             |       |     2 |    14 |     8 |     7 ||    31
       Bread ration      |       |     1 |       |     4 |     5 ||    10
       Meat ration       |       |     1 |       |       |       ||     1
       Beef jerky        |       |       |     1 |     2 |       ||     3
       Fruit             |       |       |       |     1 |       ||     1
Armor: Robe              |    10 |     2 |       |       |       ||    12
       Leather armour    |       |    27 |    45 |    33 |       ||   105
       Ring mail         |       |       |       |    77 |   167 ||   244
       Troll leather arm |       |       |       |       |     4 ||     4
Dodge: Dodged            |    38 |   131 |   184 |   752 |   779 ||  1884
       Rpst.: Falchion   |    10 |    38 |       |       |       ||    48
       Long sword        |       |       |    44 |    30 |       ||    74
       Double sword      |       |       |       |   108 |   175 ||   283
